 Dungeon Crawl Stone Soup version 0.22.1-6-g1668fe2 (webtiles) character file.

4081 Kairos the Chopper (level 10, -3/51 HPs)
             Began as a Vine Stalker Fighter on Jan 16, 2019.
             Was a Follower of Okawaru.
             Slain by a crocodile (6 damage)
             ... on level 8 of the Dungeon.
             The game lasted 00:10:17 (5947 turns).

Kairos the Chopper (Vine Stalker Fighter)           Turns: 5947, Time: 00:10:18

Health: -3/51      AC:  9    Str: 27    XL:     10   Next: 25%
Magic:  0/11       EV:  2    Int:  8    God:    Okawaru [*.....]
Gold:   430        SH:  0    Dex: 14    Spells: 9/9 levels left

rFire    . . .     SeeInvis .   G - +3 war axe (elec)
rCold    . . .     Gourm    .   c - +0 shield
rNeg     + + +     Faith    +   b - +0 scale mail
rPois    ∞         Spirit   +   (no helmet)
rElec    .         Reflect  .   r - +0 cloak
rCorr    .         Harm     .   (no gloves)
MR       +....                  q - +0 pair of boots
Stlth    ..........             B - amulet of faith
HPRegen  0.57/turn              C - +5 ring of strength
MPRegen  0.12/turn              (no ring)

@: petrified
A: fangs 3, regeneration 1, magic shield, antimagic bite, no potion heal 3, rot
immunity
a: Heroism, Renounce Religion


You were on level 8 of the Dungeon.
You worshipped Okawaru.
Okawaru was aware of your devotion.
You were hungry.

You visited 2 branches of the dungeon, and saw 9 of its levels.

You collected 430 gold pieces.

Inventory:

Hand Weapons
 a - a +0 war axe
 o - a +2 flail of venom
 G - a +3 war axe of electrocution (weapon)
Armour
 b - a +0 scale mail (worn)
 c - a +0 shield (worn)
 q - a +0 pair of boots (worn)
 r - a +0 cloak (worn)
Jewellery
 B - an amulet of faith (around neck)
 C - a +5 ring of strength (left hand)
Wands
 g - a wand of random effects (36)
 i - a wand of acid (6)
 y - a wand of polymorph (13)
 D - a wand of disintegration (13)
 E - a wand of flame (17)
 K - a wand of paralysis (9)
Scrolls
 k - 3 scrolls of fear
 l - 5 scrolls of teleportation
 p - 2 scrolls of amnesia
 w - 2 scrolls of blinking
 z - 7 scrolls of remove curse
 A - a scroll of immolation
 H - a scroll of brand weapon {unknown}
 I - a scroll of fog {unknown}
 J - a scroll of magic mapping {unknown}
Potions
 d - 2 potions of might
 e - 2 potions of resistance
 h - 2 potions of lignification
 j - 5 potions of curing
 m - 3 potions of brilliance {unknown}
 n - a potion of degeneration {unknown}
 s - 2 potions of invisibility {unknown}
 t - 2 potions of heal wounds {unknown}
 u - a potion of magic {unknown}
 v - 3 potions of agility {unknown}
 x - a potion of berserk rage {unknown}
 F - a potion of haste {unknown}
Comestibles
 f - 11 rations


   Skills:
 + Level 5.2 Fighting
 * Level 7.2(8.3) Axes
 + Level 6.1(7.8) Maces & Flails
 + Level 5.4 Armour
 + Level 2.9 Dodging
 + Level 1.1 Stealth
 + Level 5.7 Shields


You had 9 spell levels left.
You didn't know any spells.
Your spell library contained the following spells:

 Spells                   Type           Power        Failure   Level  Hunger
 Beastly Appendage        Tmut           #.....       97%         1    ##.....
 Summon Small Mammal      Summ           #...         97%         1    ##.....
 Call Imp                 Summ           #.......     99%         2    ###....
 Sticks to Snakes         Tmut           #.......     99%         2    ###....
 Call Canine Familiar     Summ           #.......     100%        3    ####...
 Spider Form              Tmut/Pois      #.........   100%        3    ####...
 Summon Guardian Golem    Hex/Summ       #.......     100%        3    ####...
 Ice Form                 Ice/Tmut       #.......     100%        4    #####..
 Summon Ice Beast         Ice/Summ       #.......     100%        4    #####..
 Summon Lightning Spire   Summ/Air       #.......     100%        4    #####..
 Blade Hands              Tmut           #.........   100%        5    ######.


Dungeon Overview and Level Annotations

Branches:
Dungeon (8/15)             Temple (1/1) D:6
   Lair: D:8-11

Altars:
Ashenzari
Cheibriados
Elyvilon
Fedhas
Gozag
Hepliaklqana
Makhleb
Okawaru
Qazlal
Ru
Sif Muna
Uskayaw
Vehumet
Xom
Yredelemnul
The Shining One


Innate Abilities, Weirdness & Mutations

You have razor-sharp teeth.
Your natural rate of healing is unusually fast.
When hurt, damage is shared between your health and your magic reserves.
Your bite disrupts and absorbs the magic of your enemies.
Potions cannot restore your health.
You are immune to rotting.


Message History

You kill the orc!
You slash the orc warrior!
The orc warrior hits you but does no damage. x2
Your limbs are stiffening.
You slash the orc warrior!
You bite the orc warrior, but do no damage.
The orc warrior is almost dead.
The orc warrior hits you with a mace of protection.
The crocodile bites you!
You have turned to stone.
The orc warrior hits you with a mace of protection.
The crocodile bites you!
The orc warrior hits you with a mace of protection!
The crocodile bites you!
* * * LOW HITPOINT WARNING * * *
The crocodile bites you!
* * * LOW HITPOINT WARNING * * *
The orc warrior hits you with a mace of protection!
* * * LOW HITPOINT WARNING * * *
The crocodile bites you!
You die...

.# #.# #.######## # .#
#.# #........# .#
.###.#####.######.##.###
.....................$..
.###<#.###.#..##.......
.# #.#.###.#..##..##.#
.# #.................#
.###.....#.#..##.)...#
..............##@o...#
..##.#.###.#..##.t......
#.##.......#..........<.
.....#.... .............
####.#.#####..##........
.....#.#####.. #........
##........ .. .........
##.#..... .. .........
........####


You could see an orc warrior and a crocodile.

Vanquished Creatures
  A cyclops (D:7)
  Prince Ribbit (D:8)
  A hippogriff (D:7)
  Sigmund (D:4)
  6 yaks (D:7)
  A basilisk (D:8)
  An ice beast (D:7)
  An orc warrior (D:6)
  A phantom (D:7)
  An ogre (D:8)
  2 centaurs
  Blork the orc (D:5)
  2 bullfrogs
  2 scorpions
  4 killer bees (D:8)
  4 crimson imps
  4 bullfrog zombies
  A jelly (D:5)
  A quasit (D:7)
  A hound (D:8)
  8 orc wizards
  3 orc priests
  2 bullfrog skeletons
  5 worker ants
  Ijyb (D:4)
  An iguana (D:4)
  A hound zombie (D:5)
  2 hound skeletons
  Robin (D:4)
  5 adders
  2 shadow imps
  An ooze (D:5)
  An adder zombie (D:5)
  An adder skeleton (D:4)
  A worm (D:2)
  3 dart slugs
  4 leopard geckos
  23 orcs
  6 giant cockroaches
  15 goblins
  7 hobgoblins
  9 jackals
  11 kobolds
  5 quokkas
  A ball python skeleton (D:4)
  8 bats
  4 frilled lizards
  2 jackal skeletons
  A jackal zombie (D:5)
  A quokka zombie (D:5)
  5 rats
177 creatures vanquished.

Vanquished Creatures (others)
  A bush (D:8)
  4 plants (D:8)
5 creatures vanquished.

Grand Total: 182 creatures vanquished

Notes
Turn   | Place    | Note
-------+----------+-------------------------------------------
     0 | D:1      | Kairos the Vine Stalker Fighter began the quest for the
                  | Orb.
     0 | D:1      | Reached XP level 1. HP: 11/11 MP: 2/2
    46 | D:1      | Reached XP level 2. HP: 13/16 MP: 3/3
    99 | D:1      | Reached skill level 2 in Axes
   438 | D:1      | Reached XP level 3. HP: 19/19 MP: 4/4
  1196 | D:2      | Gained mutation: Your natural rate of healing is unusually
                  | fast. [Vine Stalker growth]
  1196 | D:2      | Reached XP level 4. HP: 12/24 MP: 5/5
  1671 | D:3      | Reached skill level 1 in Maces & Flails
  1697 | D:3      | Reached XP level 5. HP: 28/28 MP: 6/6
  1743 | D:3      | Reached skill level 1 in Dodging
  1771 | D:3      | Found a faded altar of an unknown god.
  2242 | D:4      | Found a glowing golden altar of the Shining One.
  2290 | D:4      | Noticed Ijyb
  2297 | D:4      | Killed Ijyb
  2309 | D:4      | Noticed Robin
  2333 | D:4      | Killed Robin
  2336 | D:4      | Reached XP level 6. HP: 15/32 MP: 7/7
  2395 | D:4      | Found a blossoming altar of Fedhas.
  2745 | D:4      | Found a snail-covered altar of Cheibriados.
  2805 | D:4      | Reached XP level 7. HP: 28/36 MP: 5/8
  2932 | D:4      | Noticed Sigmund
  3146 | D:4      | Killed Sigmund
  3364 | D:5      | Entered Level 5 of the Dungeon
  3364 | D:5      | Found a stormy altar of Qazlal.
  3549 | D:5      | Found a deep blue altar of Sif Muna.
  3572 | D:5      | Gained mutation: You have razor-sharp teeth. [Vine Stalker
                  | growth]
  3572 | D:5      | Reached XP level 8. HP: 41/42 MP: 9/9
  3847 | D:5      | Noticed Blork the orc
  3854 | D:5      | Killed Blork the orc
  4275 | D:6      | Reached skill level 5 in Maces & Flails
  4377 | D:6      | Found a staircase to the Ecumenical Temple.
  4837 | D:7      | Reached skill level 1 in Stealth
  4860 | D:7      | Noticed a hippogriff
  4869 | D:7      | Killed a hippogriff
  4869 | D:7      | Reached skill level 5 in Armour
  4869 | D:7      | Reached skill level 5 in Shields
  4869 | D:7      | Reached XP level 9. HP: 20/46 MP: 6/10
  4929 | D:7      | Reached skill level 3 in Axes
  4948 | D:7      | Reached skill level 4 in Axes
  4956 | D:7      | Reached skill level 5 in Axes
  5263 | D:7      | Noticed a cyclops
  5278 | D:7      | Killed a cyclops
  5278 | D:7      | Reached skill level 5 in Fighting
  5278 | D:7      | Reached skill level 6 in Axes
  5394 | D:7      | Found a hide-covered altar of Uskayaw.
  5397 | D:7      | Found an opulent altar of Gozag.
  5400 | D:7      | Found a shimmering altar of Xom.
  5403 | D:7      | Found a basalt altar of Yredelemnul.
  5453 | D:7      | Found a radiant altar of Vehumet.
  5531 | D:7      | Reached XP level 10. HP: 42/51 MP: 9/11
  5626 | Temple   | Entered the Ecumenical Temple
  5637 | Temple   | Became a worshipper of Warmaster Okawaru
  5722 | D:8      | Found a white marble altar of Elyvilon.
  5883 | D:8      | Noticed Prince Ribbit
  5895 | D:8      | Killed Prince Ribbit
  5895 | D:8      | Reached * piety under Okawaru
  5938 | D:8      | Reached skill level 7 in Axes
  5947 | D:8      | Slain by a crocodile

Skill      XL: |  1  2  3  4  5  6  7  8  9 10 |
---------------+-------------------------------+-----
Axes           | 2 6 7 |  7.2
Shields        | 3 4 5 |  5.7
Fighting       | 3 4 5 |  5.2
Maces & Flails | 1 3 5 6 |  6.1
Armour         | 3 4 5 |  5.4
Dodging        | 1 2 |  2.9
Stealth        | 1 |  1.1

Action                   |  1- 3 |  4- 6 |  7- 9 | 10-12 || total
-------------------------+-------+-------+-------+-------++-------
Melee: War axe           |    52 |       |    42 |    33 ||   127
       Bite              |    26 |    39 |    64 |     8 ||   137
       Flail             |    51 |   124 |   133 |       ||   308
       Hand axe          |       |    10 |       |       ||    10
  Use: Scroll            |       |     3 |       |    11 ||    14
  Eat: Chunk             |     1 |     5 |     1 |     2 ||     9
       Ration            |       |       |     2 |       ||     2
Armor: Scale mail        |    76 |    68 |    70 |    11 ||   225
Dodge: Dodged            |    53 |    57 |    76 |    12 ||   198
Block: Shield            |    59 |    95 |   115 |    21 ||   290
